 Dungeon Crawl Stone Soup version 0.27.1-4-g1640c2035a (webtiles) character file.

Game seed: 4273793164836850205

5380 Stomo444 the Basher (level 10, -1/58 HPs)
             Began as a Vine Stalker Monk on Nov 9, 2021.
             Was a Priest of Qazlal.
             Slain by an orc (3 damage)
             ... led by an orc knight
             ... on level 10 of the Dungeon.
             The game lasted 00:15:50 (8833 turns).

Stomo444 the Basher (Vine Stalker Monk)             Turns: 8833, Time: 00:15:50

Health: -1/58      AC: 12    Str: 18    XL:     10   Next: 66%
Magic:  0/14       EV: 15    Int: 10    God:    Qazlal [***...]
Gold:   1248       SH:  4    Dex: 16    Spells: 9/9 levels left

rFire    + . .     SeeInvis .   y - +1 mace (protect)
rCold    . . .     Faith    .   (no shield)
rNeg     . . .     Spirit   +   b - +0 robe
rPois    +         Reflect  .   (no helmet)
rElec    .         Harm     .   m - +2 cloak
rCorr    .         Rampage  .   (no gloves)
Will     +....                  (no boots)
Stlth    ++........             (no amulet)
HPRegen  1.19/turn              u - ring of poison resistance
MPRegen  0.14/turn              w - ring of protection from fire

@: under a protective aura, studying Maces & Flails
A: fangs 3, regeneration 1, magic shield, antimagic bite, no potion heal 2
a: Renounce Religion, Upheaval, Elemental Force


You were on level 10 of the Dungeon.
You worshipped Qazlal.
Qazlal was most pleased with you.
You visited 2 branches of the dungeon, and saw 11 of its levels.

You collected 1248 gold pieces.

Inventory:

Hand Weapons
 a - a +0 mace
 x - a +1 flail of venom
 y - a +1 mace of protection (weapon)
Missiles
 B - 2 throwing nets (quivered)
Armour
 b - a +0 robe (worn)
 m - a +2 cloak (worn)
 I - +0 steam dragon scales
Jewellery
 u - a ring of poison resistance (left hand)
 w - a ring of protection from fire (right hand)
Wands
 n - a wand of iceblast (11)
 A - a wand of acid (9)
 D - a wand of paralysis (16)
 E - a wand of charming (4)
 H - a wand of polymorph (10)
 J - a wand of flame (32)
Scrolls
 c - 4 scrolls of teleportation
 d - a scroll of identify
 f - a scroll of torment
 g - a scroll of magic mapping
 j - 3 scrolls of amnesia
 l - a scroll of vulnerability
 o - a scroll of fear
 r - a scroll of holy word
 s - a scroll of fog
 t - a scroll of immolation
 z - 2 scrolls of enchant armour {unknown}
 G - 2 scrolls of enchant weapon {unknown}
Potions
 e - a potion of lignification
 h - 4 potions of heal wounds
 i - 2 potions of degeneration {unknown}
 k - 5 potions of curing
 p - 2 potions of attraction {unknown}
 q - 5 potions of haste {unknown}
 v - a potion of berserk rage
 C - a potion of brilliance
 F - a potion of flight
 K - a potion of magic


   Skills:
 * Level 9.1 Fighting
 * Level 9.3 Maces & Flails
 + Level 6.0 Dodging
 - Level 2.4 Stealth
 + Level 4.1 Invocations


You had 9 spell levels left.
You didn't know any spells.
Your spell library contained the following spells:

 Spells                   Type           Power      Damage    Failure   Level
 Animate Skeleton         Necr           0%         N/A       36%         1
 Apportation              Tloc           0%         N/A       36%         1
 Corona                   Hex            0%         N/A       36%         1
 Sandblast                Erth           0%         2d4       36%         1
 Summon Small Mammal      Summ           0%         N/A       36%         1
 Corpse Rot               Necr/Air       N/A        N/A       50%         2
 Ensorcelled Hibernation  Hex/Ice        0%         N/A       50%         2
 Passwall                 Tmut/Erth      0%         N/A       50%         2
 Spider Form              Tmut/Pois      0%         N/A       75%         3
 Animate Armour           Summ/Erth      0%         N/A       98%         4
 Dispel Undead            Necr           0%         3d6       98%         4
 Blade Hands              Tmut           0%         N/A       100%        5
 Lee's Rapid Deconstruct  Erth           0%         3d5*      100%        5
 Death Channel            Necr           0%         N/A       100%        6
 Iron Shot                Conj/Erth      0%         9d1       100%        6
 Shadow Creatures         Summ           N/A        N/A       100%        6


Dungeon Overview and Level Annotations

Branches:
Dungeon (10/15)            Temple (1/1) D:6
   Lair: D:8-11         Orc: D:9-12

Altars:
Ashenzari
Cheibriados
Dithmenos
Elyvilon
Fedhas
Gozag
Hepliaklqana
Kikubaaqudgha
Makhleb
Nemelex Xobeh
Okawaru
Qazlal
Ru
Sif Muna
Trog
Uskayaw
Vehumet
Wu Jian
Xom
Yredelemnul
Zin
The Shining One

Shops:
D:5 *


Innate Abilities, Weirdness & Mutations

You have razor-sharp teeth.
Your natural rate of healing is unusually fast.
When hurt, damage is shared between your health and your magic reserves.
Your bite disrupts and absorbs the magic of your enemies.
Potions cannot restore your health.


Message History

y - a +1 mace of protection (weapon)
Unknown command.
You hit the orc knight but do no damage.
Your weapon exudes an aura of protection.
You kill the orc warrior!
Qazlal accepts your kill.
You hit the orc knight. Your bite misses the orc knight.
The orc knight is lightly wounded.
You block the orc knight's attack. The orc hits you but does no damage.
You hit the orc knight but do no damage.
The orc knight is lightly wounded.
The orc knight completely misses you.
You hit the orc knight but do no damage.
Your bite misses the orc knight.
The orc knight is lightly wounded.
The orc barely misses you.
The orc knight hits you with a +0 war axe!
You hit the orc knight but do no damage.
You bite the orc knight, but do no damage.
The orc knight is lightly wounded.
The orc misses you.
Unknown command.
You hit the orc knight but do no damage.
The orc knight is lightly wounded.
The orc knight hits you with a +0 war axe!
You block the orc's attack.
You hit the orc knight. Your bite misses the orc knight.
The orc knight is lightly wounded.
The orc knight barely misses you. You block the orc's attack.
You hit the orc knight but do no damage.
You bite the orc knight. You drain its power.
You feel invigorated.
The orc knight is lightly wounded.
The orc knight hits you with a +0 war axe!!
The orc completely misses you.
You closely miss the orc knight.
The orc knight is lightly wounded.
The orc knight hits you with a +0 war axe!!
* * * LOW HITPOINT WARNING * * *
The orc hits you from afar with a +0 trident.
You die...

≈≈≈≈≈≈≈≈≈≈≈≈≈≈≈≈≈≈≈≈ ≈≈≈≈≈≈≈≈≈≈
≈≈≈≈≈≈≈≈≈≈≈≈≈≈≈≈≈≈≈ ≈.≈≈≈≈≈≈≈≈
≈≈≈≈≈≈≈≈≈≈≈≈≈≈≈≈≈# ..≈≈≈≈≈≈≈≈
≈≈≈≈.≈≈≈≈≈≈≈≈≈..# ..≈≈≈≈.
.≈≈≈..≈≈≈≈≈≈#...# .≈≈≈#
.#..............###+####.≈##
'###............##.........######
................##o..............
................@o)o.............
..............####o........oo....
........#.....# ##.....<.........
............#.# #..............|.
.#'#........#.# #................
.#.#........#.# #..............o.
.#.#<#......#.# #...####+########
.#..........#. #...#
.#...#....... #####


You could see an orc knight and 3 orcs.

Vanquished Creatures
  A centaur warrior (D:9)
  A wyvern (D:10)
  2 shadows
  A wraith (D:9)
  A steam dragon (D:8)
  Edmund (D:6)
  A warg (D:10)
  Duvessa (D:6)
  A water moccasin (D:7)
  A black bear (D:5)
  A sky beast (D:6)
  An ice beast (D:6)
  3 orc warriors
  2 ogres (D:6)
  2 necrophages
  4 centaurs
  2 phantoms (D:6)
  5 bullfrogs
  3 gnoll sergeants (D:9)
  3 scorpions
  Dowan (D:6)
  An electric eel (D:10)
  3 howler monkeys
  A centaur zombie (D:8)
  7 hounds
  4 orc priests
  2 gnoll shamans
  A jelly (D:6)
  2 bullfrog skeletons (D:7)
  2 centaur skeletons (D:7)
  Natasha (thrice) (D:4)
  3 iguanas
  8 orc wizards
  A killer bee zombie (D:5)
  3 hound skeletons
  A howler monkey zombie (D:7)
  2 adders
  19 gnolls
  3 white imps
  An ufetubus (D:4)
  2 adder skeletons (D:4)
  3 worms
  A dart slug (D:1)
  26 orcs
  10 ball pythons
  4 bats
  2 endoplasms
  6 giant cockroaches
  8 hobgoblins
  7 jackals
  4 kobolds
  3 quokkas
  5 frilled lizards
  11 goblins
  2 rats
199 creatures vanquished.

Vanquished Creatures (others)
  22 plants (D:2)
22 creatures vanquished.

Grand Total: 221 creatures vanquished

Notes
Turn   | Place    | Note
-------+----------+-------------------------------------------
     0 | D:1      | Stomo444 the Vine Stalker Monk began the quest for the Orb.
     0 | D:1      | Reached XP level 1. HP: 11/11 MP: 2/2
   413 | D:1      | Reached XP level 2. HP: 13/16 MP: 3/3
  1178 | D:1      | Reached XP level 3. HP: 20/20 MP: 4/4
  1939 | D:2      | Found a faded altar of an unknown god.
  2162 | D:2      | Found a white marble altar of Elyvilon.
  2347 | D:2      | Gained mutation: Your natural rate of healing is unusually
                  | fast. [Vine Stalker growth]
  2347 | D:2      | Reached XP level 4. HP: 24/24 MP: 5/5
  3213 | D:4      | Reached XP level 5. HP: 13/29 MP: 4/6
  3246 | D:4      | Noticed Natasha
  3255 | D:4      | Killed Natasha
  3488 | D:4      | Reached XP level 6. HP: 34/34 MP: 7/7
  3544 | D:4      | Noticed Natasha
  3551 | D:4      | Killed Natasha
  3920 | D:4      | Noticed Natasha
  3935 | D:4      | Killed Natasha
  4024 | D:5      | Entered Level 5 of the Dungeon
  4155 | D:5      | Noticed a necrophage
  4167 | D:5      | Killed a necrophage
  4193 | D:5      | Found a glowing golden altar of the Shining One.
  4222 | D:5      | Reached XP level 7. HP: 33/38 MP: 6/8
  4353 | D:5      | Reached skill level 5 in Fighting
  4353 | D:5      | Reached skill level 5 in Maces & Flails
  4514 | D:5      | Found Zymiho's Gadget Gallery.
  5148 | D:5      | Gained mutation: You have razor-sharp teeth. [Vine Stalker
                  | growth]
  5148 | D:5      | Reached XP level 8. HP: 37/44 MP: 6/9
  5190 | D:6      | Noticed Edmund
  5296 | D:6      | Killed Edmund
  5297 | D:6      | HP: 2/44 [poisoned by Edmund]
  5343 | D:6      | Noticed Duvessa
  5388 | D:6      | Killed Duvessa
  5412 | D:6      | Noticed Dowan
  5417 | D:6      | Killed Dowan
  5712 | D:6      | Found a staircase to the Ecumenical Temple.
  5729 | D:6      | Reached XP level 9. HP: 47/50 MP: 10/10
  5732 | Temple   | Entered the Ecumenical Temple
  5876 | Temple   | Became a worshipper of Qazlal Stormbringer
  5876 | Temple   | Reached * piety under Qazlal
  5876 | Temple   | Reached ** piety under Qazlal
  5955 | D:6      | Reached skill level 1 in Invocations
  6101 | D:6      | Reached skill level 5 in Dodging
  6333 | D:7      | Reached *** piety under Qazlal
  7344 | D:8      | Reached XP level 10. HP: 34/56 MP: 13/13
  8303 | D:9      | Noticed a centaur warrior
  8317 | D:9      | Killed a centaur warrior
  8653 | D:9      | Identified 2 scrolls of acquirement
  8653 | D:9      | Acquired 602 gold pieces
  8659 | D:9      | Acquired a manual of Maces & Flails
  8698 | D:10     | Entered Level 10 of the Dungeon
  8798 | D:10     | Noticed an orc knight
  8833 | D:10     | HP: 2/58 [orc knight (18)]
  8833 | D:10     | Slain by an orc

Illustrated notes

Levels and vault maps discovered:
D:1:      minmay_arrival_three_doors, layout_basic, grunt_decor_arrowhead
D:2:      layout_loops_ring, basic_altar, chequers_ecumenical_altar_island,
          serial_bayou, serial_bayou_shore_a, serial_bayou_lake_a,
          serial_bayou_shore_b, serial_bayou_ford_a
D:3:      layout_rooms, minmay_misc_feat_five
D:4:      layout_cave_pods, uniq_natasha
D:5:      layout_basic, lemuel_doored_altar, nicolae_shop_gadgets
D:6:      layout_gridville, temple_green, st_stairs_1, uniq_edmund, uniq_duvessa
D:7:      layout_rooms, minmay_fractal_squares_diagonal_5
D:8:      layout_layer_cave
D:9:      layout_cave_pools, serial_gnoll_camp, gnoll_camp_mini_loothouse,
          gnoll_camp_mini_sergeant, gnoll_camp_mini_hut, gnoll_camp_mini_hut,
          gnoll_camp_mini_doghouse
D:10:     layout_basic, lair_entry_dummy, orc_0_dummy,
          hellmonk_ghost_happy_afterlife, nicolae_shop_firing_range
Temple:   kilobyte_greek_temple

Skill      XL: |  1  2  3  4  5  6  7  8  9 10 |
---------------+-------------------------------+-----
Fighting       | 3 4 5 7 8 9 |  9.1
Maces & Flails | 3 4 5 7 8 9 |  9.3
Dodging        | 3 4 5 6 |  6.0
Invocations    | 2 4 |  4.1
Stealth        | |  2.4

Action                   |  1- 3 |  4- 6 |  7- 9 | 10-12 || total
-------------------------+-------+-------+-------+-------++-------
Melee: Mace              |    94 |   193 |   138 |    65 ||   490
       Bite              |    15 |    62 |    90 |    54 ||   221
       Flail             |       |       |   151 |    71 ||   222
Invok: Upheaval          |       |       |       |     1 ||     1
  Use: Scroll            |     1 |       |     3 |    12 ||    16
       Potion            |       |       |     2 |       ||     2
 Stab: Sleeping          |    10 |     5 |     2 |       ||    17
       Distracted        |       |     1 |       |       ||     1
Armor: Robe              |    18 |    68 |    92 |    26 ||   204
Dodge: Dodged            |    48 |   176 |   193 |    80 ||   497
Block: Other             |       |       |     9 |    34 ||    43
